 Dungeon Crawl Stone Soup version 0.26-a0-667-g92642533e4 (webtiles) character file.

Game seed: 15716447727062488158

29259 somkeydreadnuts the Cleaver (level 13, -25/104 HPs)
             Began as a Formicid Fighter on Oct 16, 2020.
             Was the Champion of Okawaru.
             Annihilated by a white ugly thing (32 damage)
             ... on level 14 of the Dungeon.
             The game lasted 01:27:11 (15920 turns).

somkeydreadnuts the Cleaver (Formicid Fighter)     Turns: 15920, Time: 01:27:13

Health: -25/104    AC: 23    Str: 29    XL:     13   Next: 79%
Magic:  10/13      EV: 11    Int:  9    God:    Okawaru [******]
Gold:   1098       SH: 21    Dex: 12    Spells: 12/12 levels left

rFire    + . .     SeeInvis +   D - +3 battleaxe (vorpal)
rCold    . . .     Faith    .   c - +1 kite shield
rNeg     . . .     Spirit   .   f - +0 plate armour
rPois    +         Reflect  +   (helmet unavailable)
rElec    .         Harm     .   C - scarf {repulsion}
rCorr    .         Rampage  .   o - +0 pair of gloves of Iwirgh {rF+ Str+4 Int+2}
MR       +....                  N - +0 pair of boots
Stlth    ..........             r - amulet of reflection
HPRegen  0.27/turn              n - +4 ring of protection
MPRegen  0.13/turn              b - ring of poison resistance

@: heroism, repel missiles
A: permanent stasis, dig shafts and tunnels, four strong arms, antennae 3, agile
1, dopey 1, screaming 1, MP-powered wands
a: Dig, Shaft Self, Heroism, Finesse, Renounce Religion


You were on level 14 of the Dungeon.
You worshipped Okawaru.
Okawaru was exalted by your worship.
You visited 2 branches of the dungeon, and saw 15 of its levels.

You collected 1098 gold pieces.

Inventory:

Hand Weapons
 a - a +0 war axe
 h - a +4 demon trident
 k - the +10 long sword of Darkness {vorpal, *Drain +Fly rElec Int+5}
   (You found it on level 12 of the Dungeon)

   It inflicts extra damage upon your enemies.
   It affects your intelligence (+5).
   It insulates you from electricity.
   It lets you fly.
   It causes draining when unequipped.
 m - a +1 flail of protection
 D - a +3 vorpal battleaxe (weapon)
 G - a +4 dire flail
Armour
 c - a +1 kite shield (worn)
 f - a +0 plate armour (worn)
 o - the +0 pair of gloves of Iwirgh (worn) {rF+ Str+4 Int+2}
   (Okawaru gifted it to you on level 13 of the Dungeon)

   It affects your strength (+4).
   It affects your intelligence (+2).
   It protects you from fire.
 u - a scarf of invisibility
 C - a scarf of repulsion (worn)
 N - a +0 pair of boots (worn)
Jewellery
 b - a ring of poison resistance (right hand)
 n - a +4 ring of protection (left hand)
 r - an amulet of reflection (around neck)
Wands
 w - a wand of polymorph (10)
 y - a wand of paralysis (9)
 B - a wand of acid (6)
Scrolls
 g - 4 scrolls of remove curse
 i - 2 scrolls of amnesia
 j - 3 scrolls of enchant weapon
 l - a scroll of magic mapping
 p - 3 scrolls of enchant armour
 q - 9 scrolls of identify
Potions
 d - 6 potions of might
 e - 2 potions of ambrosia
 s - 2 potions of stabbing
 v - 3 potions of brilliance
 x - 3 potions of invisibility
 z - 2 potions of curing
 A - 2 potions of lignification
 E - a potion of flight {unknown}
 H - a potion of resistance {unknown}
 K - 2 potions of magic {unknown}


   Skills:
 + Level 10.3(15.3) Fighting
 + Level 12.8(18.9) Axes
 + Level 9.4(17.3) Maces & Flails
 + Level 9.5(14.5) Armour
 + Level 2.1(7.1) Dodging
 + Level 0.2(5.2) Stealth
 + Level 12.4(17.4) Shields
 + Level 0.5 Invocations


You had 12 spell levels left.
You didn't know any spells.
Your spell library contained the following spells:

 Spells                   Type           Power        Failure   Level
 Beastly Appendage        Tmut           #.....       94%         1
 Freeze                   Ice            #...         94%         1
 Magic Dart               Conj           #...         94%         1
 Call Imp                 Summ           #.......     98%         2
 Slow                     Hex            #.......     98%         2
 Sublimation of Blood     Necr           #.........   98%         2
 Wereblood                Tmut           #.......     98%         2
 Confusing Touch          Hex            #.......     100%        3
 Conjure Flame            Conj/Fire      #.......     100%        3
 Frozen Ramparts          Ice            #.....       100%        3
 Gell's Gravitas          Tloc           #.........   100%        3
 Mephitic Cloud           Conj/Pois/Air  #.......     100%        3
 Ozocubu's Armour         Ice            #.......     100%        3
 Spider Form              Tmut/Pois      #.........   100%        3
 Hailstorm                Conj/Ice       #.......     100%        4
 Ice Form                 Ice/Tmut       #.......     100%        4
 Petrify                  Tmut/Erth      #.......     100%        4
 Summon Ice Beast         Ice/Summ       #.......     100%        4
 Blade Hands              Tmut           #.........   100%        5
 Metabolic Englaciation   Hex/Ice        #.........   100%        5
 Yara's Violent Unravell  Hex/Tmut       #.........   100%        5
 Blink                    Tloc           Unusable     N/A         2

Dungeon Overview and Level Annotations

Branches:
Dungeon (14/15)            Temple (1/1) D:7            Lair (0/6) D:11
    Orc (0/2) D:9
 Vaults: D:13-14

Altars:
Ashenzari
Cheibriados
Dithmenos
Elyvilon
Fedhas
Gozag
Hepliaklqana
Kikubaaqudgha
Makhleb
Nemelex Xobeh
Okawaru
Qazlal
Ru
Sif Muna
Trog
Uskayaw
Vehumet
Wu Jian
Xom
Yredelemnul
Zin
The Shining One

Shops:
D:11 (

Portals:
Trove: D:10 (give +4 demon whip)

Annotations:
D:9 2 transporters
D:11 exclusion: 2 oklob plants


Innate Abilities, Weirdness & Mutations

You cannot be hasted, slowed, berserked, paralysed or teleported.
You can dig through walls and to a lower floor.
Your four strong arms can wield two-handed weapons with a shield.
You have a pair of large antennae on your head. (SInv)
You are agile. (Dex +2)
You are dopey. (Int -2)
You occasionally shout uncontrollably at your foes.
You expend magic power (3 MP) to strengthen your wands.


Message History

You hit the big kobold. You slice the kobold!!
You kill the kobold!
The big kobold hits you but does no damage.
You slash the white ugly thing!
The white ugly thing is moderately wounded.
You hit the white ugly thing but do no damage.
You hit the big kobold. You hit the yaktaur.
The sentinel's mark upon you fades away.
You block the white ugly thing's attack.
The white ugly thing punches you! The white ugly thing freezes you!!
* * * LOW HITPOINT WARNING * * *
The yaktaur unwields a +0 arbalest.
You block the yaktaur's attack.
A yaktaur comes into view.
You block the vampire mosquito's attack.
The big kobold hits you but does no damage.
The white ugly thing basks in the mutagenic energy from its kin and changes!
The white ugly thing claws you.
* * * LOW HITPOINT WARNING * * *
The white ugly thing freezes you!!
You die...

.. ... .{{ {{{
#... ##( { #....
#.c{ { ##...
#..g# {{{.... #
#...e###{Z.# #..
#..O.u(#####....
#....u(cK.......
#......u@†....^.
##.....yu.(.....
##.....##.....#
####### ######


You could see 4 ugly things, 2 yaktaurs, a deep elf mage, a vampire mosquito, a
big kobold, an ogre, a boggart (invisible) and a wyvern simulacrum.

Vanquished Creatures
  Erolcha (D:13)
  A boulder beetle (D:13)
  A vault guard (D:10)
  2 centaur warriors
  3 two-headed ogres
  A tengu warrior (D:14)
  Urug (D:12)
  3 unseen horrors
  A deep elf mage (D:12)
  2 ugly things
  A wolf spider zombie (D:14)
  3 cyclopes
  Maurice (D:10)
  2 centaur zombies (D:13)
  2 centaur skeletons (D:13)
  3 gargoyles
  3 kobold demonologists
  A yaktaur (D:14)
  3 trolls
  A hornet (D:12)
  Grinder (D:3)
  5 slime creatures
  25 yaks
  2 wyverns
  A wraith (D:14)
  A shadow (D:13)
  Grum (D:10)
  6 vampire mosquitoes
  2 sky beasts
  5 ice beasts
  A black bear (D:12)
  7 orc warriors
  5 ogres
  5 phantoms
  An eye of draining (D:9)
  4 wolves (D:10)
  10 centaurs
  3 big kobolds
  5 bullfrogs
  A gnoll sergeant (D:10)
  A water moccasin zombie (D:11)
  9 scorpions
  21 killer bees
  9 wights
  4 howler monkeys
  3 bullfrog zombies
  3 jellies
  Crazy Yiuf (D:2)
  A quasit (D:7)
  7 hounds
  2 bullfrog skeletons
  5 orc priests
  12 orc wizards
  Jessica (D:3)
  7 iguanas
  7 worker ants
  A hound skeleton (D:9)
  2 worker ant zombies
  11 gnolls
  A howler monkey skeleton (D:7)
  11 adders
  4 shadow imps
  2 white imps
  2 ufetubi (D:5)
  2 oozes
  5 adder zombies
  An adder skeleton (D:4)
  2 worms
  3 dart slugs
  12 leopard geckos
  49 orcs
  8 giant cockroaches
  12 goblins
  9 hobgoblins
  10 jackals
  19 kobolds
  10 quokkas
  2 ball pythons
  3 bats
  4 frilled lizards
  A jackal skeleton (D:6)
  A quokka skeleton (D:8)
  A quokka zombie (D:5)
  7 rats
415 creatures vanquished.

Vanquished Creatures (others)
  A bullfrog (D:14)
1 creature vanquished.

Grand Total: 416 creatures vanquished

Notes
Turn   | Place    | Note
-------+----------+-------------------------------------------
     0 | D:1      | somkeydreadnuts the Formicid Fighter began the quest for
                  | the Orb.
     0 | D:1      | Reached XP level 1. HP: 18/18 MP: 1/1
   256 | D:1      | Reached XP level 2. HP: 21/24 MP: 2/2
  1357 | D:2      | Reached XP level 3. HP: 29/29 MP: 3/3
  1842 | D:2      | Found a shimmering altar of Xom.
  1871 | D:2      | Reached XP level 4. HP: 35/35 MP: 4/4
  2203 | D:2      | Found a runed translucent door.
  2204 | D:2      | Noticed Crazy Yiuf
  2215 | D:2      | Killed Crazy Yiuf
  2573 | D:2      | Gained mutation: You occasionally shout uncontrollably at
                  | your foes. [potion of mutation]
  2573 | D:2      | Gained mutation: You are dopey. (Int -2) [potion of
                  | mutation]
  2573 | D:2      | Gained mutation: You are agile. (Dex +2) [potion of
                  | mutation]
  2573 | D:2      | Gained mutation: You expend magic power (3 MP) to
                  | strengthen your wands. [potion of mutation]
  2583 | D:3      | Noticed Grinder
  2588 | D:3      | Reached XP level 5. HP: 39/41 MP: 5/5
  2613 | D:3      | HP: 2/41 [Grinder/nerve-wracking pain (11)]
  2621 | D:3      | Killed Grinder
  2621 | D:3      | Reached skill level 5 in Shields
  2621 | D:3      | Reached XP level 6. HP: 6/48 MP: 6/6
  2950 | D:3      | Reached skill level 5 in Axes
  3037 | D:3      | Noticed Jessica
  3042 | D:3      | Killed Jessica
  3042 | D:3      | Reached XP level 7. HP: 46/53 MP: 7/7
  3077 | D:3      | Identified Jessica's Compendium of Evil Rites
  3320 | D:3      | Found a shimmering blue altar of Sif Muna.
  3775 | D:4      | Reached skill level 1 in Maces & Flails
  4317 | D:5      | Entered Level 5 of the Dungeon
  4372 | D:5      | Reached XP level 8. HP: 59/61 MP: 8/8
  4489 | D:5      | Reached skill level 5 in Fighting
  5085 | D:6      | Reached skill level 5 in Maces & Flails
  5177 | D:6      | Reached XP level 9. HP: 38/68 MP: 9/9
  6077 | D:7      | Reached skill level 5 in Armour
  6230 | D:7      | Found a staircase to the Ecumenical Temple.
  6238 | Temple   | Entered the Ecumenical Temple
  6519 | Temple   | Became a worshipper of Warmaster Okawaru
  6559 | D:7      | Reached skill level 1 in Dodging
  7245 | D:7      | Reached * piety under Okawaru
  7399 | D:7      | Reached XP level 10. HP: 76/76 MP: 10/10
  8308 | D:9      | Found a transporter.
  8308 | D:9      | Noticed a kobold demonologist
  8312 | D:9      | Noticed a kobold demonologist
  8370 | D:9      | Reached ** piety under Okawaru
  8635 | D:9      | Noticed an orc sorcerer
  8635 | D:9      | Noticed an orc high priest
  8650 | D:9      | Noticed a kobold demonologist
  9014 | D:9      | Found a transporter.
  9051 | D:9      | Found a staircase to the Orcish Mines.
  9577 | D:10     | Entered Level 10 of the Dungeon
  9604 | D:10     | Noticed Grum
  9609 | D:10     | Reached *** piety under Okawaru
  9617 | D:10     | Killed Grum
  9617 | D:10     | Reached XP level 11. HP: 65/84 MP: 11/11
  9634 | D:10     | Noticed Maurice
  9635 | D:10     | Reached skill level 10 in Shields
  9653 | D:10     | Killed Maurice
  9888 | D:10     | Reached **** piety under Okawaru
 10470 | D:10     | Noticed an unseen horror
 10475 | D:10     | Killed an unseen horror
 10696 | D:10     | Noticed a vault guard
 10724 | D:10     | Killed a vault guard
 10724 | D:10     | Reached ***** piety under Okawaru
 10729 | D:10     | Found a portal to a secret trove of treasure.
 10801 | D:11     | Found a staircase to the Lair.
 10802 | D:11     | Noticed an oklob plant
 10816 | D:11     | Noticed an oklob plant
 11050 | D:11     | Noticed a cyclops
 11065 | D:11     | Killed a cyclops
 11087 | D:11     | Noticed a purple ugly thing
 11100 | D:11     | Killed a purple ugly thing
 11100 | D:11     | Reached XP level 12. HP: 86/93 MP: 12/12
 11221 | D:11     | Found Yxieqot's Weapon Shoppe.
 11796 | D:12     | Received a gift from Okawaru
 11814 | D:12     | Noticed a two-headed ogre
 11824 | D:12     | Killed a two-headed ogre
 12152 | D:11     | Reached skill level 10 in Axes
 12642 | D:12     | Noticed Urug
 12656 | D:12     | Killed Urug
 13186 | D:12     | Got an ebony long sword
 13187 | D:12     | Identified the +10 long sword of Darkness {vorpal, *Drain
                  | +Fly rElec Int+5} (You found it on level 12 of the Dungeon)
 13695 | D:13     | Received a gift from Okawaru
 13704 | D:13     | Got a pair of ichor-stained gloves {god gift}
 13715 | D:13     | Identified the +0 pair of gloves of Iwirgh {rF+ Str+4
                  | Int+2} (Okawaru gifted it to you on level 13 of the
                  | Dungeon)
 13742 | D:13     | Noticed a two-headed ogre
 13754 | D:13     | Killed a two-headed ogre
 14328 | D:13     | Reached XP level 13. HP: 101/101 MP: 13/13
 14445 | D:13     | Noticed Erolcha
 14456 | D:13     | Killed Erolcha
 14915 | D:13     | Noticed a boulder beetle
 14927 | D:13     | Killed a boulder beetle
 15197 | D:13     | Reached skill level 10 in Fighting
 15501 | D:13     | Noticed a centaur warrior
 15515 | D:13     | Killed a centaur warrior
 15887 | D:14     | Noticed a centaur warrior
 15891 | D:14     | Reached ****** piety under Okawaru
 15902 | D:14     | Killed a centaur warrior
 15902 | D:14     | Received a gift from Okawaru
 15920 | D:14     | Annihilated by a white ugly thing

Illustrated notes

Levels and vault maps discovered:
D:1:      eino_arrival_cavern_c, layout_loops_corners,
          chequers_serial_rivers_micro_b, minmay_door_square
D:2:      layout_basic, tgw_xom, uniq_crazy_yiuf_cottage
D:3:      layout_loops_ring, lemuel_blue_sif_altar, st_stairs_3,
          kennysheep_jessica_study, uniq_grinder
D:4:      layout_basic, chequers_serial_rivers_micro_c
D:5:      minmay_clustersquares, layout_basic
D:6:      layout_loops_ring
D:7:      layout_loops_ring, minmay_temple_entry_slanted,
          nicolae_ossuary_entry_false_entrances
D:8:      layout_loops_cross
D:9:      gammafunk_wand_slinger, layout_loops_ring
D:10:     layout_loops_ring, enter_trove_5, uniq_maurice, uniq_grum
D:11:     layout_loops_ring, dpeg_oklobed_lair, serial_shops, shop_statue,
          hangedman_abyss_or_decor_clamps
D:12:     minmay_isolated_rectangles_in_corner, layout_stronghold, uniq_urug
D:13:     layout_stronghold, uniq_erolcha
D:14:     layout_rooms, hangedman_vaults_entry_quadrant_bands, serial_shops,
          shop_fountains, gammafunk_ghost_icy, uniq_jorgrun, uniq_louise
Temple:   nicolae_temple_the_god_donut

Skill      XL: |  1  2  3  4  5  6  7  8  9 10 11 12 13 |
---------------+----------------------------------------+-----
Shields        | 4 5 7 8 9 10 11 12 | 12.4
Axes           | 3 4 5 6 9 11 12 | 12.8
Armour         | 4 5 7 8 9 |  9.5
Fighting       | 4 5 7 8 9 10 | 10.3
Maces & Flails | 2 5 7 9 |  9.4
Dodging        | 1 2 |  2.1
Stealth        | |  0.2
Invocations    | |  0.5

Action                   |  1- 3 |  4- 6 |  7- 9 | 10-12 | 13-15 || total
-------------------------+-------+-------+-------+-------+-------++-------
Melee: War axe           |   123 |    83 |       |       |       ||   206
       Flail             |       |     8 |   610 |   220 |       ||   838
       Battleaxe         |       |       |       |   445 |   165 ||   610
Invok: Heroism           |       |       |       |     5 |     3 ||     8
 Abil: Dig               |     9 |       |     1 |     4 |     2 ||    16
  Use: Scroll            |       |     5 |       |     9 |     1 ||    15
       Potion            |       |     4 |       |     6 |       ||    10
Armor: Scale mail        |     9 |       |       |       |       ||     9
       Plate armour      |    65 |    42 |   349 |   269 |    82 ||   807
Dodge: Dodged            |    28 |    16 |   122 |   175 |    33 ||   374
       Repelled          |       |       |       |     1 |       ||     1
Block: Kite shield       |    87 |    38 |   395 |   485 |   173 ||  1178
       Reflection        |       |       |       |       |    17 ||    17

Table legend: (Time is in decaauts)
 A = Elapsed time spent in this place.
 B = Non-inter-level travel time spent in this place.
 C = Inter-level travel time spent in this place.
 D = Time resting spent in this place.
 E = Time spent auto-exploring this place.
 F = Levels seen in this place.
 G = Mean time per level.
                   A        B        C        D        E       F      G
               +--------+--------+--------+--------+--------+-----+--------+
         Total |  16157 |  16080 |     77 |      0 |   9855 |  15 | 1077.1 |
       Dungeon |  15848 |  15771 |     77 |      0 |   9855 |  14 | 1132.0 |
        Temple |    308 |    308 |      0 |      0 |      0 |   1 |  308.0 |
               +--------+--------+--------+--------+--------+-----+--------+

Top non-repeatable levels by time:
    D:13: 2199 daAuts
    D:12: 1796 daAuts
     D:2: 1514 daAuts
     D:9: 1279 daAuts
    D:10: 1213 daAuts
     D:3: 1170 daAuts
    D:11: 1152 daAuts
     D:1: 1133 daAuts
     D:7: 1094 daAuts
     D:6: 1006 daAuts
     D:8: 840 daAuts
     D:5: 779 daAuts
     D:4: 628 daAuts
  Temple: 308 daAuts
    D:14: 38 daAuts
